 Dungeon Crawl Stone Soup version 0.30.1-4-g462c640d31 (webtiles) character file.

Game seed: 12292056696314179777

439 croobank the Sneak (level 6, -1/54 HPs)
             Began as an Armataur Hunter on Aug 25, 2023.
             Slain by a wyvern (5 damage)
             ... on level 4 of the Dungeon.
             The game lasted 00:08:12 (2686 turns).

croobank the Sneak (Armataur Hunter)                Turns: 2686, Time: 00:08:13

Health: -1/54      AC:  5    Str: 16    XL:     6   Next: 70%
Magic:  6/6        EV: 10    Int: 10    God:
Gold:   136        SH:  0    Dex: 15    Spells: 5/5 levels left

rFire   . . .        a - +0 shortbow
rCold   . . .        (shield currently unavailable)
rNeg    . . .        c - +0 leather armour
rPois   .            (no helmet)
rElec   .            t - +0 cloak
rCorr   .            (no gloves)
SInv    .            (no barding)
Will    .....        (no amulet)
Stlth   ++           (no ring)
HPRegen 0.29/turn    (no ring)
MPRegen 0.10/turn

%: roll
@: mighty, about to teleport
A: large, rugged brown scales 3, deformed body, armoured tail, roll, long
tongue, awkward tongue
a: no special abilities


You were on level 4 of the Dungeon.
You visited 1 branch of the dungeon, and saw 4 of its levels.

You collected 136 gold pieces.

Inventory:

Hand Weapons
 a - a +0 shortbow (weapon)
 n - a +0 rapier
Missiles
 p - 5 poisoned darts
 r - 11 boomerangs
Armour
 c - a +0 leather armour (worn)
 s - a +0 buckler
 t - a +0 cloak (worn)
Scrolls
 b - a scroll of immolation
 l - 2 scrolls of amnesia {unknown}
 m - a scroll of enchant weapon {unknown}
 o - a scroll of blinking {unknown}
 u - a scroll of teleportation
Potions
 d - a potion of resistance
 e - 3 potions of lignification
 f - a potion of cancellation
 g - a potion of curing
 h - 2 potions of brilliance {unknown}
 i - 2 potions of berserk rage {unknown}
 j - a potion of degeneration {unknown}
 k - a potion of attraction {unknown}
 q - a potion of might


   Skills:
 + Level 3.5 Fighting
 + Level 4.0 Ranged Weapons
 + Level 2.9 Dodging
 + Level 4.2 Stealth


You had 5 spell levels left.
You didn't know any spells.
Your spell library contained the following spells:

 Spells                   Type           Power      Damage    Failure   Level
 Beastly Appendage        Tmut           0%         N/A       43%         1
 Wereblood                Tmut           0%         N/A       56%         2
 Spider Form              Tmut/Pois      0%         N/A       80%         3


Dungeon Overview and Level Annotations

Branches:
Dungeon (4/15)
 Temple: D:4-7

Altars:
Makhleb
Vehumet

Shops:
D:1 *   D:2 (


Innate Abilities, Weirdness & Mutations

You are completely covered in rugged brown scales. (AC +3, +7% HP)
Armour fits poorly on your strangely shaped body.
You have a long armoured tail.
You roll when moving toward enemies. (Rampage)
Your long tongue fully drains potion bottles. (2x potion effects)
Your tongue gives you trouble enunciating. (1.5x scroll delay)


Message History

Why would you want to do that? Why would you want to do that?
A ball python comes into view.
The ball python moves out of view.
Found a radiant altar of Vehumet.
The phantom attacks as you move away! The phantom barely misses you.
Okay, then.
You feel very mighty all of a sudden.
You slurp down every last drop of the potion of might!
The phantom barely misses you.
The wyvern hisses menacingly.
Fire: a) +0 shortbow
Press: ? - help, Q - select action, (/) - cycle Shift-Dir - straight line, f/p - phantom
Aim: a phantom (almost destroyed, 50% to hit)
You shoot an arrow. The arrow barely misses the phantom.
The phantom barely misses you. x2
Fire: a) +0 shortbow
Press: ? - help, Q - select action, (/) - cycle Shift-Dir - straight line, f/p - phantom
Aim: a phantom (almost destroyed, 50% to hit)
You shoot an arrow. The arrow hits the phantom!
You destroy the phantom!
The wyvern misses you.
Your Ranged Weapons skill increases to level 4!
Fire: a) +0 shortbow
Press: ? - help, Q - select action, (/) - cycle Shift-Dir - straight line, f - wyvern
Aim: a wyvern (62% to hit)
You shoot an arrow. The arrow barely misses the wyvern.
The wyvern hisses menacingly.
The wyvern barely misses you.
The wyvern bites you but does no damage.
Fire: a) +0 shortbow
Press: ? - help, Q - select action, (/) - cycle Shift-Dir - straight line, f/p - wyvern
Aim: a wyvern (62% to hit)
You shoot an arrow. The arrow closely misses the wyvern.
The wyvern closely misses you. The wyvern bites you.
As you slowly read the scroll of teleportation, it crumbles to dust.
You feel strangely unstable. The wyvern bites you!
* * * LOW HITPOINT WARNING * * *
The wyvern bites you.
You die...

#....§.# #.##.#
# #......# #.#
)# .. ##.###.#
###.####..###.#.
................
.≈≈≈§≈≈≈o§..#.#
.≈....)..≈.##..
.≈.#####l§.##.#
.≈ #...@.≈.##.#
. #._.#.≈.#
.≈.....#.≈.#
.≈.#####.≈.# .§
..§.# . ≈≈≈..
....## ####


You could see a wyvern and an orc.

Vanquished Creatures
  Grinder (D:3)
  A phantom (D:4)
  A howler monkey (D:3)
  A hound (D:2)
  2 adders
  3 dart slugs
  3 orcs
  6 ball pythons
  7 endoplasms
  4 giant cockroaches
  4 goblins
  3 hobgoblins
  2 jackals (D:3)
  6 kobolds
  2 quokkas
  10 bats
  A frilled lizard (D:1)
  8 rats
65 creatures vanquished.

Notes
Turn   | Place    | Note
-------+----------+-------------------------------------------
     0 | D:1      | croobank the Armataur Hunter began the quest for the Orb.
     0 | D:1      | Reached XP level 1. HP: 18/18 MP: 1/1
    47 | D:1      | Reached XP level 2. HP: 22/25 MP: 2/2
    85 | D:1      | Found Komaul's Assorted Antiques.
   418 | D:1      | Found a faded altar of an unknown god.
  1081 | D:1      | Reached XP level 3. HP: 28/31 MP: 3/3
  1252 | D:2      | Found a burning altar of Makhleb.
  1423 | D:2      | Reached XP level 4. HP: 26/39 MP: 4/4
  1623 | D:2      | Found Onkoi's Antique Weapon Shoppe.
  1669 | D:3      | Noticed Grinder
  1677 | D:3      | Paralysed by Grinder for 3 turns
  1692 | D:3      | Paralysed by Grinder for 4 turns
  1697 | D:3      | Killed Grinder
  1698 | D:3      | Reached XP level 5. HP: 41/48 MP: 5/5
  1698 | D:3      | Reached XP level 6. HP: 46/54 MP: 6/6
  2645 | D:4      | Noticed a wyvern
  2679 | D:4      | Found a radiant altar of Vehumet.
  2686 | D:4      | Slain by a wyvern

Illustrated notes

Levels and vault maps discovered:
D:1:      dreamdust_arrival_beginning_and_end, layout_basic, serial_shops,
          nicolae_shop_tiny_real_fake_doors,
          chequers_ecumenical_altar_simple_redux
D:2:      layout_rooms, serial_shops, nicolae_shop_peninsula, basic_altar,
          minmay_stone_trees_small
D:3:      layout_rooms, roderic_serpentine_path, ebering_dispersal_statue_hall,
          uniq_grinder
D:4:      layout_basic, lemuel_round_altar, mainiacjoe_overflow_brackets,
          kennysheep_opposing_triangles, uniq_duvessa

Skill      XL: |  1  2  3  4  5  6 |
---------------+-------------------+-----
Ranged Weapons | 3 4 |  4.0
Fighting       | 2 3 |  3.5
Stealth        | 2 3 4 |  4.2
Dodging        | 2 |  2.9

Action                     |  1- 3 |  4- 6 || total
---------------------------+-------+-------++-------
   Fire: Shortbow          |   120 |   127 ||   247
    Use: Scroll            |     6 |     3 ||     9
         Potion            |     1 |     2 ||     3
 Armour: Leather armour    |    38 |    28 ||    66
         Skin              |       |     6 ||     6
  Dodge: Dodged            |    30 |    39 ||    69
